 Dungeon Crawl Stone Soup version 0.21-a0-344-g2144152 (webtiles) character file.

642 tidbits the Charmwright (level 7, -3/84 HPs)
             Began as a Gnoll Skald on Oct 4, 2017.
             Killed by divine providence
             ... invoked by an orc priest
              (11 damage)
             ... on level 6 of the Dungeon.
             The game lasted 00:08:54 (1405 turns).

tidbits the Charmwright (Gnoll Skald)               Turns: 1405, Time: 00:08:55

Health: -3/84      AC: 23    Str: 13    XL:     7   Next: 51%
Magic:  9/15       EV:  2    Int: 23    God:
Gold:   176        SH:  0    Dex: 14    Spells: 4/17 levels left

rFire    . . .     SeeInvis .   p - +1 flail (crush)
rCold    . . .     Gourm    .   (no shield)
rNeg     + + +     Faith    .   (armour currently unavailable)
rPois    +         Spirit   .   (helmet currently unavailable)
rElec    .         Reflect  .   (cloak currently unavailable)
rCorr    .         Harm     .   (gloves currently unavailable)
MR       .....     NoTele   +   (boots currently unavailable)
Stlth    ++........             (no amulet)
HPRegen  0.24/turn              (no ring)
MPRegen  0.14/turn              (no ring)

@: brilliant, tree-form, very slightly contaminated, invisible
A: distributed training, strong nose
a: no special abilities


You were on level 6 of the Dungeon.
You were not hungry.
You were a tree.
You visited 1 branch of the dungeon, and saw 6 of its levels.

You collected 176 gold pieces.

Inventory:

Hand Weapons
 a - a +0 long sword
 m - a +0 flail
 o - a +0 falchion
 p - a +1 flail of crushing (weapon)
   (You took it off an orc priest on level 5 of the Dungeon)
 s - a +2 antimagic battleaxe
   (You found it on level 4 of the Dungeon)
Missiles
 f - 21 arrows
Armour
 b - a +0 leather armour
 B - a +0 ring mail (melded)
Wands
 r - a wand of flame (22/48)
Scrolls
 e - 3 scrolls of enchant weapon {unknown}
 g - 4 scrolls of identify {unknown}
 j - a scroll of random uselessness {unknown}
 l - 2 scrolls of remove curse {unknown}
 n - a scroll of amnesia {unknown}
 u - a scroll of noise {unknown}
Potions
 k - a potion of brilliance
Books
 c - a book of Battle

   Spells                             Type                      Level
   a - Infusion                       Charms                       1
   b - Shroud of Golubria             Charms/Translocation         2
   c - Song of Slaying                Charms                       2
   d - Spectral Weapon                Hexes/Charms                 3
   e - Regeneration                   Charms/Necromancy            3
 t - a book of Cantrips
   (You found it on level 4 of the Dungeon)

   Spells                             Type                      Level
   a - Confusing Touch                Hexes                        1
   b - Animate Skeleton               Necromancy                   1
   c - Summon Small Mammal            Summoning                    1
   d - Apportation                    Translocation                1
 x - a book of Misfortune
   (You found it on level 6 of the Dungeon)

   Spells                             Type                      Level
   a - Confusing Touch                Hexes                        1
   b - Confuse                        Hexes                        3
   c - Gell's Gravitas                Translocation                3
   d - Petrify                        Transmutation/Earth          4
   e - Metabolic Englaciation         Hexes/Ice                    5
   f - Yara's Violent Unravelling     Hexes/Transmutation          5
Comestibles
 d - 2 bread rations
 h - a chunk of flesh
 i - 2 meat rations
 q - 3 fruits


   Skills:
 + Level 5.2 Fighting
 + Level 2.5 Short Blades
 + Level 5.2 Long Blades
 + Level 2.5 Axes
 + Level 2.5 Maces & Flails
 + Level 2.5 Polearms
 + Level 2.5 Staves
 + Level 2.5 Slings
 + Level 2.5 Bows
 + Level 2.5 Crossbows
 + Level 2.5 Throwing
 + Level 3.6 Armour
 + Level 5.2 Dodging
 + Level 2.5 Stealth
 + Level 2.5 Shields
 + Level 2.5 Unarmed Combat
 + Level 5.6 Spellcasting
 + Level 2.5 Conjurations
 + Level 2.5 Hexes
 + Level 7.0 Charms
 + Level 2.5 Summonings
 + Level 2.5 Necromancy
 + Level 2.5 Translocations
 + Level 2.5 Transmutations
 + Level 2.5 Fire Magic
 + Level 2.5 Ice Magic
 + Level 2.5 Air Magic
 + Level 2.5 Earth Magic
 + Level 2.5 Poison Magic
 + Level 2.5 Invocations
 + Level 2.5 Evocations


You had 4 spell levels left.
You knew the following spells:

 Your Spells              Type           Power        Failure   Level  Hunger
a - Apportation           Tloc           ####..       1%          1    None
g - Shroud of Golubria    Chrm/Tloc      #####.....   1%          2    None
i - Infusion              Chrm           ####         1%          1    None
n - Animate Skeleton      Necr           N/A          1%          1    None
r - Regeneration          Chrm/Necr      #####.....   1%          3    ##.....
w - Spectral Weapon       Hex/Chrm       #####...     1%          3    ##.....
y - Song of Slaying       Chrm           ######..     1%          2    None


Dungeon Overview and Level Annotations

Branches:
Dungeon (6/15)
 Temple: D:4-7

Altars:
Yredelemnul


Innate Abilities, Weirdness & Mutations

Your experience applies equally to all skills.
((You have very sharp teeth.))
Your uncanny sense of smell can sniff out nearby items.


Message History

The jackal barely misses you. The jackal closely misses you.
You hit the jackal but do no damage.
Your spectral weapon hits the jackal.
You kill the jackal!
The jackal pauses to sniff the ground.
The jackal closely misses you. The jackal barely misses you.
You sock the jackal!
You kill the jackal!
Things that are here:
a jackal corpse x2
Found a stone staircase leading down.
Your spectral weapon fades away.
Found 18 stones.
A gnoll comes into view. It is wielding a halberd.
There is a stone staircase leading down here.
The gnoll shouts!
You climb downwards.
Found a papyrus book.
There is a stone staircase leading up here.
x - a book of Misfortune
Okay, then.
An orc comes into view. It is wielding a hand axe.
An orc warrior and an orc priest come into view.
The orc warrior shouts!
The orc priest shouts!
Casting: Spectral Weapon
Confirm with . or Enter, or press ? or * to list all spells.
You draw out your weapon's spirit!
The orc priest mumbles some strange prayers to Beogh against you.
Pain shoots through your body!
The orc priest begins to cast a cantrip, but forgets the words!
The orc priest mumbles some strange prayers to Beogh against you.
Pain shoots through your body!
You hit the orc warrior but do no damage.
Your spectral weapon hits the orc warrior but does no damage.
The orc warrior misses your spectral weapon.
The orc warrior hits your spectral weapon with a morningstar!
Your spectral weapon shares its damage with you!
You hit the orc warrior.
You bite the orc warrior, but do no damage.
The orc warrior is lightly wounded.
Your spectral weapon hits the orc warrior!
The orc warrior barely misses you.
You closely miss the orc warrior.
The orc warrior is almost dead.
Your spectral weapon barely misses the orc warrior.
The orc warrior hits you with a morningstar.
You barely miss the orc warrior.
You bite the orc warrior, but do no damage.
The orc warrior is almost dead.
Your spectral weapon barely misses the orc warrior.
The orc priest looks braver for a moment.
The orc warrior barely misses you.
You hit the orc warrior but do no damage.
The orc warrior is almost dead.
Your spectral weapon hits the orc warrior but does no damage.
The orc priest miscasts a cantrip.
The orc warrior hits your spectral weapon with a morningstar!
Your spectral weapon shares its damage with you!
Your spectral weapon fades away.
You hit the orc warrior.
The orc warrior is almost dead.
The orc warrior hits you with a morningstar!
Casting: Spectral Weapon
Confirm with . or Enter, or press ? or * to list all spells.
You draw out your weapon's spirit!
The orc priest calls upon Beogh to heal the orc warrior.
The orc warrior is healed somewhat.
The orc warrior completely misses you.
You barely miss the orc warrior.
The orc warrior is severely wounded.
Your spectral weapon hits the orc warrior.
The orc warrior barely misses you.
You closely miss the orc warrior.
The orc warrior is almost dead.
Your spectral weapon hits the orc warrior but does no damage.
The orc priest calls down the wrath of Beogh upon you.
Beogh smites you!
* * * LOW HITPOINT WARNING * * *
The orc warrior hits your spectral weapon with a morningstar!
Your spectral weapon shares its damage with you!
Your spectral weapon fades away.
* * * LOW HITPOINT WARNING * * *
It was a potion of brilliance.
You feel clever all of a sudden.
It was a potion of lignification.
You turn into a tree.
Your +0 ring mail melds into your body.
Your roots penetrate the ground.
The orc warrior hits you with a morningstar.
* * * LOW HITPOINT WARNING * * *
It was a potion of invisibility.
You fade into invisibility!
The orc hits you but does no damage.
The orc priest looks satisfied for a moment.
You are very lightly contaminated with residual magic.
Casting: Spectral Weapon
Confirm with . or Enter, or press ? or * to list all spells.
You draw out your weapon's spirit!
The orc warrior hits you but does no damage.
The orc hits you but does no damage.
The orc barely misses your spectral weapon.
The orc priest calls down the wrath of Beogh upon you.
Beogh smites you!
You die...

### #.. #.. #.# #.#
## #.# .### ##.####
####
...###.....#####o.#
....#..#......oo♣.#
......####....(####
.......# #....##
.......# #....#
........##....#
........###...##
........# #....#
........# #.o..#
........# #....#


You could see an orc warrior, an orc priest, an orc and a friendly spectral
flail of crushing.

Vanquished Creatures
  An ice beast (D:5)
  A crocodile (D:5)
  A scorpion (D:4)
  A water moccasin skeleton (D:5)
  A howler monkey (D:5)
  A bullfrog skeleton (D:5)
  An orc priest (D:5)
  2 worker ants (D:4)
  A hound skeleton (D:5)
  7 adders
  8 river rats (D:5)
  2 oozes
  2 worms (D:2)
  A leopard gecko (D:5)
  6 orcs
  A giant cockroach (D:1)
  2 goblins
  6 hobgoblins
  10 jackals
  2 kobolds
  6 quokkas
  3 bats
  4 frilled lizards
  A jackal skeleton (D:5)
  A quokka zombie (D:5)
  17 rats
89 creatures vanquished.

Vanquished Creatures (others)
  2 spectral weapons (D:6)
2 creatures vanquished.

Grand Total: 91 creatures vanquished

Notes
Turn   | Place    | Note
-------+----------+-------------------------------------------
     0 | D:1      | tidbits the Gnoll Skald began the quest for the Orb.
     0 | D:1      | Reached XP level 1. HP: 20/20 MP: 6/6
    79 | D:1      | Reached XP level 2. HP: 24/26 MP: 4/7
   180 | D:2      | Reached skill level 5 in Spellcasting
   180 | D:2      | Reached XP level 3. HP: 26/31 MP: 1/9
   191 | D:2      | Learned a level 2 spell: Song of Slaying
   194 | D:2      | Learned a level 2 spell: Shroud of Golubria
   198 | D:2      | Learned a level 3 spell: Regeneration
   202 | D:2      | Learned a level 3 spell: Spectral Weapon
   319 | D:2      | Reached skill level 1 in Short Blades
   319 | D:2      | Reached skill level 1 in Axes
   319 | D:2      | Reached skill level 1 in Maces & Flails
   319 | D:2      | Reached skill level 1 in Polearms
   319 | D:2      | Reached skill level 1 in Staves
   319 | D:2      | Reached skill level 1 in Slings
   319 | D:2      | Reached skill level 1 in Bows
   319 | D:2      | Reached skill level 1 in Crossbows
   319 | D:2      | Reached skill level 1 in Throwing
   319 | D:2      | Reached skill level 1 in Stealth
   319 | D:2      | Reached skill level 1 in Shields
   319 | D:2      | Reached skill level 1 in Unarmed Combat
   319 | D:2      | Reached skill level 1 in Conjurations
   319 | D:2      | Reached skill level 1 in Hexes
   319 | D:2      | Reached skill level 1 in Summonings
   319 | D:2      | Reached skill level 1 in Necromancy
   319 | D:2      | Reached skill level 1 in Translocations
   319 | D:2      | Reached skill level 1 in Transmutations
   319 | D:2      | Reached skill level 1 in Fire Magic
   319 | D:2      | Reached skill level 1 in Ice Magic
   319 | D:2      | Reached skill level 1 in Air Magic
   319 | D:2      | Reached skill level 1 in Earth Magic
   319 | D:2      | Reached skill level 1 in Poison Magic
   319 | D:2      | Reached skill level 1 in Invocations
   319 | D:2      | Reached skill level 1 in Evocations
   377 | D:2      | Reached XP level 4. HP: 24/38 MP: 1/11
   619 | D:4      | Reached XP level 5. HP: 27/43 MP: 4/12
   713 | D:4      | Learned a level 1 spell: Animate Skeleton
   715 | D:4      | Learned a level 1 spell: Apportation
   740 | D:4      | Reached skill level 3 in Armour
   807 | D:5      | Entered Level 5 of the Dungeon
   827 | D:5      | Reached XP level 6. HP: 44/50 MP: 1/13
   893 | D:5      | Noticed an ice beast
   898 | D:5      | Reached skill level 5 in Fighting
   898 | D:5      | Reached skill level 2 in Short Blades
   898 | D:5      | Reached skill level 5 in Long Blades
   898 | D:5      | Reached skill level 2 in Axes
   898 | D:5      | Reached skill level 2 in Maces & Flails
   898 | D:5      | Reached skill level 2 in Polearms
   898 | D:5      | Reached skill level 2 in Staves
   898 | D:5      | Reached skill level 2 in Slings
   898 | D:5      | Reached skill level 2 in Bows
   898 | D:5      | Reached skill level 2 in Crossbows
   898 | D:5      | Reached skill level 2 in Throwing
   898 | D:5      | Reached skill level 5 in Dodging
   898 | D:5      | Reached skill level 2 in Stealth
   898 | D:5      | Reached skill level 2 in Shields
   898 | D:5      | Reached skill level 2 in Unarmed Combat
   898 | D:5      | Reached skill level 2 in Conjurations
   898 | D:5      | Reached skill level 2 in Hexes
   898 | D:5      | Reached skill level 2 in Summonings
   898 | D:5      | Reached skill level 2 in Necromancy
   898 | D:5      | Reached skill level 2 in Translocations
   898 | D:5      | Reached skill level 2 in Transmutations
   898 | D:5      | Reached skill level 2 in Fire Magic
   898 | D:5      | Reached skill level 2 in Ice Magic
   898 | D:5      | Reached skill level 2 in Air Magic
   898 | D:5      | Reached skill level 2 in Earth Magic
   898 | D:5      | Reached skill level 2 in Poison Magic
   898 | D:5      | Reached skill level 2 in Invocations
   898 | D:5      | Reached skill level 2 in Evocations
  1074 | D:5      | Reached XP level 7. HP: 13/56 MP: 11/15
  1143 | D:5      | Reached skill level 7 in Charms
  1329 | D:5      | Found a basalt altar of Yredelemnul.
  1403 | D:6      | HP: 7/84 [orc warrior/morningstar (6)]
  1405 | D:6      | Killed from afar by an orc priest

Vault maps used:
D:1:      sevenhm_arrival_forest_fort_large_4, minmay_misc_feat_encased
D:2:      minmay_misc_feat_cross, kennysheep_doodads
D:3:      old_standard_altar
D:5:      lemuel_ratsnest, first_bread, yredelemnul_altar_generic
D:6:      uniq_eustachio

Skill      XL: |  1  2  3  4  5  6  7 |
---------------+----------------------+-----
Spellcasting   | 5 |  5.6
Short Blades   | 1 2 |  2.5
Axes           | 1 2 |  2.5
Maces & Flails | 1 2 |  2.5
Polearms       | 1 2 |  2.5
Staves         | 1 2 |  2.5
Slings         | 1 2 |  2.5
Bows           | 1 2 |  2.5
Crossbows      | 1 2 |  2.5
Throwing       | 1 2 |  2.5
Stealth        | 1 2 |  2.5
Shields        | 1 2 |  2.5
Unarmed Combat | 1 2 |  2.5
Conjurations   | 1 2 |  2.5
Hexes          | 1 2 |  2.5
Summonings     | 1 2 |  2.5
Necromancy     | 1 2 |  2.5
Translocations | 1 2 |  2.5
Transmutations | 1 2 |  2.5
Fire Magic     | 1 2 |  2.5
Ice Magic      | 1 2 |  2.5
Air Magic      | 1 2 |  2.5
Earth Magic    | 1 2 |  2.5
Poison Magic   | 1 2 |  2.5
Invocations    | 1 2 |  2.5
Evocations     | 1 2 |  2.5
Armour         | 3 |  3.6
Fighting       | 5 |  5.2
Long Blades    | 5 |  5.2
Dodging        | 5 |  5.2
Charms         | 7 |  7.0

Action                   |  1- 3 |  4- 6 |  7- 9 || total
-------------------------+-------+-------+-------++-------
Melee: Falchion          |    55 |     8 |       ||    63
       Bite              |     7 |     5 |     8 ||    20
       Punch             |     1 |     2 |       ||     3
       Long sword        |       |    94 |    28 ||   122
       Flail             |       |       |    37 ||    37
 Cast: Infusion          |     9 |     7 |     1 ||    17
       Regeneration      |     1 |     4 |     3 ||     8
       Spectral Weapon   |       |     3 |     9 ||    12
  Use: Potion            |       |       |     4 ||     4
 Stab: Distracted        |       |       |     1 ||     1
  Eat: Chunk             |       |     2 |     2 ||     4
Armor: Leather armour    |     4 |       |       ||     4
       Ring mail         |     5 |    31 |    23 ||    59
       Skin              |       |       |     3 ||     3
Dodge: Dodged            |    33 |    96 |    53 ||   182
       Rpst.: Falchion   |    10 |     2 |       ||    12
       Long sword        |       |    39 |     7 ||    46

Table legend:
 A = Spawn XP
 B = Non-spawn XP
 C = Spawn XP percentage of total XP
 D = Spawn monster count
 E = Non-spawn monster count
 F = Spawn count percentage of total count
 G = Total turns spent on level
                    A         B        C        D         E        F      G
               +---------+---------+-------+---------+---------+-------+---------
         Total |       0 |     918 |   0.0 |       0 |      89 |   0.0 |  1405
               +---------+---------+-------+---------+---------+-------+---------
           D:1 |       0 |      21 |   0.0 |       0 |      10 |   0.0 |   189
           D:2 |       0 |      65 |   0.0 |       0 |      12 |   0.0 |   298
           D:3 |       0 |      25 |   0.0 |       0 |      12 |   0.0 |   100
           D:4 |       0 |     157 |   0.0 |       0 |       7 |   0.0 |   298
           D:5 |       0 |     650 |   0.0 |       0 |      48 |   0.0 |   474
               +---------+---------+-------+---------+---------+-------+---------

Table legend:
 A = Turns spent in this place as a percentage of turns spent in the entire game.
 B = Non-inter-level travel turns spent in this place as a percentage of non-inter-level travel turns spent in the entire game.
 C = Inter-level travel turns spent in this place as a percentage of turns spent in this place.
 D = Turns resting spent in this place as a percentage of non-inter-level travel turns spent in this place.
 E = Turns spent auto-exploring this place as a percentage of non-inter-level travel turns spent in this place.
 F = Non-inter-level travel turns spent in this place divided by the number of levels of this place that you've seen.
                   A       B       C       D       E      F
               +-------+-------+-------+-------+-------+----------------------
         Total | 100.0 | 100.0 |   3.6 |   0.0 |   0.0 | 225.8
       Dungeon | 100.0 | 100.0 |   3.6 |   0.0 |   0.0 | 225.8
               +-------+-------+-------+-------+-------+----------------------

Table legend:
 A = Kills in this place as a percentage of kills in entire the game.
 B = Kills by you in this place as a percentage of kills by you in the entire game.
 C = Kills by friends in this place as a percentage of kills by friends in the entire game.
 D = Other kills in this place as a percentage of other kills in the entire game.
 E = Experience gained in this place as a percentage of experience gained in the entire game.
 F = Experience gained in this place divided by the number of levels of this place that you have seen.
                   A       B       C       D       E      F
               +-------+-------+-------+-------+-------+----------------------
         Total | 100.0 | 100.0 |   N/A |   N/A | 100.0 | 153.0
       Dungeon | 100.0 | 100.0 |   N/A |   N/A | 100.0 | 153.0
               +-------+-------+-------+-------+-------+----------------------

Vault maps used:
D:1:      sevenhm_arrival_forest_fort_large_4, minmay_misc_feat_encased
D:2:      minmay_misc_feat_cross, kennysheep_doodads
D:3:      old_standard_altar
D:5:      lemuel_ratsnest, first_bread, yredelemnul_altar_generic
D:6:      uniq_eustachio
